 Dungeon Crawl Stone Soup version 0.23-a0-130-g0e7800e (webtiles) character file.

10534 Amnesiac the Zephyrmancer (level 11, -2/68 HPs)
             Began as a Mummy Air Elementalist on Aug 28, 2018.
             Was a High Priest of Sif Muna.
             Slain by an unseen horror (5 damage)
             ... on level 10 of the Dungeon.
             The game lasted 00:29:46 (10026 turns).

Amnesiac the Zephyrmancer (Mummy Air Elementalist) Turns: 10026, Time: 00:29:47

Health: -2/68      AC:  9    Str: 12    XL:     11   Next: 37%
Magic:  0/23       EV:  8    Int: 19    God:    Sif Muna [*****.]
Gold:   650        SH:  7    Dex: 13    Spells: 7/27 levels left

rFire    x . .     SeeInvis .   w - staff of air
rCold    + . .     Gourm    .   H - +2 buckler {rPois}
rNeg     + + +     Faith    +   F - +0 troll leather armour
rPois    ∞         Spirit   .   (no helmet)
rElec    +         Reflect  .   j - +2 cloak {MR+}
rCorr    .         Harm     .   I - +0 pair of gloves
MR       ++...                  n - +0 pair of boots
Stlth    ++........             y - amulet of faith
HPRegen  0.61/turn              i - -3 ring of evasion (curse)
MPRegen  0.18/turn              C - +2 ring of intelligence

@: very slightly contaminated, no casting
A: no food or potions, fire vulnerability, cold resistance 1, negative energy
resistance 3, torment resistance, unbreathing
a: Stop Divine Energy, Channel Magic, Forget Spell, Renounce Religion


You were on level 10 of the Dungeon.
You worshipped Sif Muna.
Sif Muna was extremely pleased with you.
You were not hungry.

You visited 1 branch of the dungeon, and saw 10 of its levels.
You also visited: Bailey.

You collected 849 gold pieces.
You spent 199 gold pieces at shops.

Inventory:

Hand Weapons
 a - a +5 dagger of venom
Armour
 j - a +2 cloak of magic resistance (worn)
 n - a +0 pair of boots (worn)
 F - a +0 troll leather armour (worn)
 H - a +2 buckler of poison resistance (worn)
 I - a +0 pair of gloves (worn)
Magical Staves
 b - an uncursed staff of conjuration
 v - an uncursed staff of power
 w - an uncursed staff of air (weapon)
 A - an uncursed staff of wizardry
Jewellery
 f - an uncursed ring of teleportation
 g - a +2 ring of protection
 i - a cursed -3 ring of evasion (left hand)
 l - an uncursed amulet of magic regeneration
 y - an amulet of faith (around neck)
 z - a +2 ring of intelligence
 B - an uncursed ring of resist corrosion
 C - a +2 ring of intelligence (right hand)
 D - an uncursed ring of magical power {unknown}
Wands
 o - a wand of digging (4)
 t - a wand of iceblast (9)
 x - a wand of flame (31)
Scrolls
 c - 2 scrolls of fog {!r}
 d - a scroll of holy word {!r}
 h - 10 scrolls of identify {!r}
 k - 6 scrolls of teleportation {!r}
 m - 3 scrolls of magic mapping {!r}
 p - 2 scrolls of silence {!r}
 q - 2 scrolls of remove curse {!r}
 r - a scroll of enchant armour {!r}
 s - 2 scrolls of amnesia {!r}
Miscellaneous
 u - a sack of spiders
 G - a fan of gales (inert)


   Skills:
 - Level 1.5 Dodging
 - Level 1.5 Stealth
 + Level 3.9 Shields
 - Level 8.5 Spellcasting
 - Level 8.6 Conjurations
 - Level 8.8 Air Magic
 * Level 6.6 Invocations


You had 7 spell levels left.
You knew the following spells:

 Your Spells              Type           Power        Failure   Level  Hunger
a - Airstrike             Air            ######....   3%          4    N/A
b - Passwall              Tmut/Erth      #.......     17%         2    N/A
c - Mephitic Cloud        Conj/Pois/Air  #####...     3%          3    N/A
d - Lightning Bolt        Conj/Air       ######....   9%          5    N/A
e - Shock                 Conj/Air       ####         1%          1    N/A
f - Summon Butterflies    Summ           #.......     12%         1    N/A
v - Blink                 Tloc           N/A          17%         2    N/A
z - Swiftness             Chrm/Air       #####...     2%          2    N/A

Your spell library contained the following spells:

 Spells                   Type           Power        Failure   Level  Hunger
 Magic Dart               Conj           ####         1%          1    N/A
 Sting                    Conj/Pois      ###.         1%          1    N/A
 Searing Ray              Conj           #####.       1%          2    N/A
 Static Discharge         Conj/Air       ######..     1%          3    N/A
 Iskenderun's Mystic Bla  Conj           #####...     3%          4    N/A
 Conjure Flame            Conj/Fire      ###.....     6%          3    N/A
 Dazzling Spray           Conj/Hex       ###...       6%          3    N/A
 Stone Arrow              Conj/Erth      ###...       6%          3    N/A
 Animate Skeleton         Necr           N/A          12%         1    N/A
 Pain                     Necr           #...         12%         1    N/A
 Sandblast                Erth           #.....       12%         1    N/A
 Call Imp                 Summ           #.......     17%         2    N/A
 Slow                     Hex            #.......     17%         2    N/A
 Call Canine Familiar     Summ           #.......     34%         3    N/A
 Ignite Poison            Fire/Tmut/Pois #.......     34%         3    N/A
 Vampiric Draining        Necr           #.........   34%         3    N/A
 Fireball                 Conj/Fire      ###.......   47%         5    N/A
 Animate Dead             Necr           N/A          75%         4    N/A
 Petrify                  Tmut/Erth      #.......     75%         4    N/A
 Summon Ice Beast         Ice/Summ       #.......     75%         4    N/A
 Bolt of Fire             Conj/Fire      ###.......   96%         6    N/A
 Lee's Rapid Deconstruct  Erth           #.........   97%         5    N/A
 Summon Mana Viper        Hex/Summ       #.......     97%         5    N/A
 Shadow Creatures         Summ           N/A          100%        6    N/A
 Ring of Flames           Chrm/Fire      #.........   100%        7    N/A
 Summon Hydra             Summ           #.........   100%        7    N/A
 Ignition                 Fire           #.........   100%        8    N/A
 Regeneration             Chrm/Necr      Unusable     N/A         3    N/A

Dungeon Overview and Level Annotations

Branches:
Dungeon (10/15)            Temple (0/1) D:5            Lair (0/6) D:9
    Orc: D:9-12

Altars:
Cheibriados
Dithmenos
Elyvilon
Fedhas
Hepliaklqana
Kikubaaqudgha
Okawaru
Qazlal
Ru
Sif Muna
Trog
Uskayaw
Xom
Yredelemnul
The Shining One

Shops:
D:4 ((=*   D:5 (?:   D:6 =   D:8 }


Innate Abilities, Weirdness & Mutations

You do not eat or drink.
Your flesh is vulnerable to fire.
You are immune to poison.
Your flesh is cold resistant. (rC+)
You are immune to negative energy. (rN+++)
You are immune to unholy pain and torment.
You can survive without breathing.


Message History

Something hits you. Something hits you but does no damage. Something hits you.
Casting: Airstrike (safe; 3% risk of failure)
Confirm with . or Enter, or press ? or * to list all spells.
Aiming: Lightning Bolt (safe; 9% risk of failure)
Press: ? - help, Shift-Dir - straight line You feel a surge of power!
You hear a mighty clap of thunder!
The bolt of lightning hits something.
The bolt of lightning hits you! You resist.
Something hits you but does no damage.
Casting: Lightning Bolt (safe; 9% risk of failure)
Confirm with . or Enter, or press ? or * to list all spells.
Aiming: Lightning Bolt (safe; 9% risk of failure)
Press: ? - help, Shift-Dir - straight line You feel a surge of power!
You hear a mighty clap of thunder!
The bolt of lightning hits you! You resist.
* * * LOW HITPOINT WARNING * * *
Sif Muna grants you divine energy.
You briefly lose access to your magic!
Something hits you.
* * * LOW HITPOINT WARNING * * *
Evoke which item? (* to show all) (? for menu, Esc to quit)
Okay, then.
Okay, then.
Really read
E - a scroll labeled ZITIENW JEUL {!r}?
Blink to where?
Press: ? - help, Dir - move target cursor You are very lightly contaminated with residual magic.
As you read the scroll labeled ZITIENW JEUL {!r}, it crumbles to dust.
It was a scroll of blinking {!r}.
Something hits you but does no damage.
You regain access to your magic.
Something hits you.
* * * LOW HITPOINT WARNING * * *
Something hits you but does no damage.
Casting: Lightning Bolt (safe; 9% risk of failure)
Confirm with . or Enter, or press ? or * to list all spells.
You can't see any susceptible monsters within range! (Use Z to cast anyway.)
Casting: Lightning Bolt (safe; 9% risk of failure)
Confirm with . or Enter, or press ? or * to list all spells.
Aiming: Lightning Bolt (safe; 9% risk of failure)
Press: ? - help, Shift-Dir - straight line You feel a surge of power!
You hear a mighty clap of thunder!
The bolt of lightning hits something.
The bolt of lightning hits you! You resist.
* * * LOW HITPOINT WARNING * * *
Sif Muna grants you divine energy.
You briefly lose access to your magic!
Something hits you.
* * * LOW HITPOINT WARNING * * *
Something hits you!
* * * LOW HITPOINT WARNING * * *
Okay, then.
Evoke which item? (* to show all) (? for menu, Esc to quit)
Okay, then.
You can't drink.
Okay, then.
Okay, then.
Evoke which item? (* to show all) (? for menu, Esc to quit)
You reach into the bag... ...and things crawl out!
Something hits you.
* * * LOW HITPOINT WARNING * * *
Evoke which item? (* to show all) (? for menu, Esc to quit)
A fierce wind blows from the fan.
Something hits you.
You die...

#.# #.# #.#
###.###
#.....#
#.###.### #.#
#........
#.###.#######
#a^@..#
#######


You could see a friendly worker ant.

Vanquished Creatures
  Harold (D:8)
  3 death yaks (D:9)
  Pikel (D:7)
  2 orc knights (Bailey)
  A troll (D:10)
  3 hornets (D:8)
  Grinder (D:5)
  A meliai zombie (D:10)
  2 hippogriffs
  5 yaks (D:9)
  A hungry ghost (D:10)
  A soldier ant (D:8)
  A water moccasin (D:10)
  4 slaves (D:7)
  2 ice beasts
  6 orc warriors
  3 black bears
  A sky beast (D:10)
  A phantom (D:6)
  3 ogres
  2 centaurs
  3 big kobolds
  6 bullfrogs
  A gnoll sergeant (D:10)
  2 wyvern zombies (D:10)
  A scorpion (D:4)
  5 killer bees (D:10)
  A bullfrog zombie (D:5)
  7 orc priests
  7 hounds
  A jelly (D:10)
  2 bullfrog skeletons
  10 orc wizards
  Crazy Yiuf (D:3)
  2 iguanas
  Terence (D:3)
  6 worker ants
  A killer bee zombie (D:10)
  A hound skeleton (D:3)
  A worker ant zombie (D:7)
  9 gnolls
  A howler monkey skeleton (D:5)
  11 adders
  3 shadow imps
  An adder zombie (D:6)
  An adder skeleton (D:7)
  2 worms (D:2)
  3 dart slugs
  4 leopard geckos
  44 orcs
  6 giant cockroaches
  2 gnoll zombies (D:6)
  11 goblins
  5 hobgoblins
  10 jackals
  6 quokkas
  8 bats
  3 frilled lizards
  28 kobolds
  A leopard gecko skeleton (D:5)
  A quokka skeleton (D:6)
  A quokka zombie (D:6)
  6 rats
271 creatures vanquished.

Notes
Turn   | Place    | Note
-------+----------+-------------------------------------------
     0 | D:1      | Amnesiac the Mummy Air Elementalist began the quest for the
                  | Orb.
     0 | D:1      | Reached XP level 1. HP: 13/13 MP: 4/4
   405 | D:2      | Reached XP level 2. HP: 14/19 MP: 0/6
   502 | D:2      | Reached XP level 3. HP: 22/24 MP: 2/7
   671 | D:2      | Found a deep blue altar of Sif Muna.
   889 | D:3      | Found a hide-covered altar of Uskayaw.
   947 | D:3      | Noticed a centaur
   983 | D:3      | Reached XP level 4. HP: 30/30 MP: 4/9
  1009 | D:2      | Learned a level 4 spell: Airstrike
  1357 | D:3      | Reached XP level 5. HP: 13/35 MP: 6/11
  1404 | D:3      | Noticed Terence
  1551 | D:3      | Found a glowing golden altar of the Shining One.
  1684 | D:2      | Became a worshipper of Sif Muna the Loreminder
  2777 | D:3      | Killed Terence
  2807 | D:3      | Found a runed door.
  3016 | D:3      | Noticed Crazy Yiuf
  3021 | D:3      | Killed Crazy Yiuf
  3093 | D:4      | Reached XP level 6. HP: 20/41 MP: 1/13
  3100 | D:4      | Learned a level 5 spell: Lightning Bolt
  3103 | D:4      | Learned a level 2 spell: Swiftness
  3159 | D:4      | Found Gewnoh's Assorted Antiques.
  3164 | D:4      | Bought a scroll labeled SENWUY CUXO for 19 gold pieces
  3164 | D:4      | Bought a war axe for 66 gold pieces
  3164 | D:4      | Bought a scroll labeled VUUNNA QOURE for 19 gold pieces
  3229 | D:4      | Reached skill level 5 in Spellcasting
  3229 | D:4      | Reached skill level 5 in Air Magic
  3324 | D:4      | HP: 2/41 [hound (5)]
  3871 | D:4      | Reached * piety under Sif Muna
  3881 | D:4      | Reached XP level 7. HP: 28/46 MP: 0/15
  4007 | D:4      | Found Pemeselo's Weapon Boutique.
  4021 | D:4      | Found Feyleqio's Jewellery Emporium.
  4126 | D:4      | Found a basalt altar of Yredelemnul.
  4133 | D:4      | Found a basalt altar of Yredelemnul.
  4133 | D:4      | Found a white marble altar of Elyvilon.
  4135 | D:4      | Found a bloodstained altar of Trog.
  4135 | D:4      | Found a shimmering altar of Xom.
  4135 | D:4      | Found a blossoming altar of Fedhas.
  4224 | D:4      | Found Xatuw's Antique Weapon Emporium.
  4617 | D:4      | Bought a dented steel amulet for 95 gold pieces
  4643 | D:5      | Entered Level 5 of the Dungeon
  4798 | D:5      | Found a stormy altar of Qazlal.
  4826 | D:5      | Found Xubeff's Weapon Shoppe.
  4829 | D:5      | Found Pig Lud's Magic Scroll Shop.
  4851 | D:5      | Found a staircase to the Ecumenical Temple.
  4922 | D:5      | Found a snail-covered altar of Cheibriados.
  4988 | D:5      | Noticed Grinder
  4993 | D:5      | Killed Grinder
  4993 | D:5      | Reached ** piety under Sif Muna
  4993 | D:5      | Reached XP level 8. HP: 52/52 MP: 0/18
  5002 | D:5      | Found Rigag's Book Shop.
  5228 | D:5      | Found a bloodstained altar of Trog.
  5407 | D:6      | Found a hazy altar of Hepliaklqana.
  5411 | D:6      | Found a white marble altar of Elyvilon.
  5481 | D:6      | Found Ywileth's Jewellery Shoppe.
  5517 | D:6      | Learned a level 2 spell: Blink
  5521 | D:6      | Learned a level 3 spell: Mephitic Cloud
  5552 | D:6      | Found a blossoming altar of Fedhas.
  5647 | D:6      | Found a basalt altar of Yredelemnul.
  5703 | D:6      | Found a shadowy altar of Dithmenos.
  5717 | D:6      | Reached skill level 1 in Conjurations
  6166 | D:7      | Found an ancient bone altar of Kikubaaqudgha.
  6241 | D:7      | Noticed Pikel
  6264 | D:7      | Killed Pikel
  6264 | D:7      | Reached *** piety under Sif Muna
  6264 | D:7      | Reached XP level 9. HP: 57/57 MP: 0/21
  6535 | D:7      | Reached skill level 5 in Conjurations
  6974 | D:8      | Noticed Harold
  6984 | D:8      | Killed Harold
  6984 | D:8      | Reached **** piety under Sif Muna
  7057 | D:8      | Found Eriate's Gadget Shoppe.
  7223 | D:8      | Reached XP level 10. HP: 43/63 MP: 2/22
  7285 | D:8      | Found a flagged portal.
  7296 | Bailey   | Entered a bailey
  7326 | Bailey   | Noticed an orc knight
  7355 | Bailey   | Noticed an orc knight
  7778 | Bailey   | Killed an orc knight
  7778 | Bailey   | Reached ***** piety under Sif Muna
  8034 | Bailey   | Killed an orc knight
  8101 | D:8      | Identified Cyobiomp's Grimoire of Companions and Attacks
                  | (Sif Muna gifted it to you on level 8 of the Dungeon)
  8101 | D:8      | Received a gift from Sif Muna
  8371 | D:9      | Reached skill level 1 in Invocations
  8504 | D:9      | Learned a level 2 spell: Passwall
  8635 | D:9      | Found a staircase to the Lair.
  8635 | D:9      | Noticed a death yak
  8643 | D:9      | Killed a death yak
  8643 | D:9      | Reached skill level 1 in Shields
  8691 | D:9      | Noticed a death yak
  8691 | D:9      | Noticed a death yak
  8702 | D:9      | Killed a death yak
  8703 | D:9      | Killed a death yak
  8703 | D:9      | Reached XP level 11. HP: 35/68 MP: 2/23
  8754 | D:9      | Reached skill level 5 in Invocations
  9343 | D:10     | Entered Level 10 of the Dungeon
  9436 | D:10     | Found a sacrificial altar of Ru.
  9796 | D:10     | Learned a level 1 spell: Summon Butterflies
  9806 | D:10     | Found an iron altar of Okawaru.
 10025 | D:10     | HP: 3/68 [something (3)]
 10026 | D:10     | Slain by an unseen horror

Vault maps used:
D:1:      dpeg_cavernosity
D:2:      nicolae_overflow_hidden_temple, grunt_ministairs_9,
          serial_park_tiny_1, solitary_fountain, minmay_bisected
D:3:      eat_drink_and_be_merry_uskayaw, nicolae_tso_carved_into_rock,
          uniq_terence, uniq_crazy_yiuf_cottage
D:4:      serial_shops, kennysheep_little_box, shop, nicolae_shop_waterfront,
          shop, doesnt_xom_only_xom
D:5:      grunt_qazlal_sundering, lightli_temple_of_fire, old_standard_altar,
          temple_green, serial_shops, shop, shop, nicolae_shop_stone,
          first_ration, minmay_misc_feat_rows, nicolae_zen_rock_garden,
          minmay_holes, uniq_grinder
D:6:      black_bear_nest_2, kennysheep_mini_moat,
          nicolae_overflow_crystal_walls, lemuel_zombie_altar_yredelemnul,
          lemuel_round_altar, elyvilon_altar_4, serial_shops, shop
D:7:      kiku_gazebo_garden_becter, uniq_pikel
D:8:      serial_shops, shop, enter_bailey_2, hangedman_pestilent_swarm,
          uniq_harold
D:9:      dpeg_lair_monsters
D:10:     basic_altar, serial_shops, shop, basic_loot_grate_trap,
          nicolae_ru_sacrificial_ziggurat
Bailey:   bailey_axe_4, bailey

Skill      XL: |  1  2  3  4  5  6  7  8  9 10 11 |
---------------+----------------------------------+-----
Spellcasting   | 3 4 5 7 8 |  8.5
Air Magic      | 3 4 5 7 8 |  8.8
Conjurations   | 4 7 8 |  8.6
Invocations    | 4 6 |  6.6
Shields        | 2 3 |  3.9
Dodging        | |  1.5
Stealth        | |  1.5

Action                   |  1- 3 |  4- 6 |  7- 9 | 10-12 || total
-------------------------+-------+-------+-------+-------++-------
Melee: Unarmed           |    12 |       |       |       ||    12
       Halberd           |     4 |     1 |       |       ||     5
       Dagger            |       |   104 |    50 |    14 ||   168
       Staff             |       |       |       |    26 ||    26
 Cast: Shock             |    52 |    52 |       |     7 ||   111
       Airstrike         |       |    18 |   167 |   174 ||   359
       Lightning Bolt    |       |       |     4 |    37 ||    41
       Mephitic Cloud    |       |       |     1 |       ||     1
Invok: Divine Energy     |       |     1 |       |       ||     1
Evoke: Fan of gales      |       |       |       |     1 ||     1
       Sack of spiders   |       |       |       |     1 ||     1
  Use: Scroll            |       |    13 |     4 |     3 ||    20
 Stab: Sleeping          |     1 |     2 |       |       ||     3
Armor: Robe              |    17 |    37 |    25 |    19 ||    98
       Troll leather arm |       |       |       |    36 ||    36
Dodge: Dodged            |    44 |    82 |    22 |    46 ||   194
Block: Shield            |       |    11 |       |       ||    11
       Buckler           |       |       |       |    30 ||    30

Table legend:
 A = Non-vault XP
 B = Vault XP
 C = Vault XP percentage of total XP
 D = Non-vault monster count
 E = Vault monster count
 F = Vault count percentage of total count
                 A         B        C        D         E       F
            +---------+---------+-------+---------+---------+-------
      Total |    6398 |    8651 |  57.5 |     213 |      54 |  20.2
            +---------+---------+-------+---------+---------+-------
        D:1 |      20 |       8 |  28.6 |      12 |       4 |  25.0
        D:2 |      56 |      18 |  24.3 |      14 |       3 |  17.6
        D:3 |     283 |      79 |  21.8 |      28 |       2 |   6.7
        D:4 |     562 |       0 |   0.0 |      28 |       0 |   0.0
        D:5 |     529 |     277 |  34.4 |      29 |       1 |   3.3
        D:6 |     588 |     135 |  18.7 |      15 |       3 |  16.7
        D:7 |     605 |     629 |  51.0 |      11 |       1 |   8.3
        D:8 |     521 |    2000 |  79.3 |      16 |       5 |  23.8
        D:9 |     757 |    3635 |  82.8 |      12 |       8 |  40.0
       D:10 |    2477 |       0 |   0.0 |      48 |       0 |   0.0
     Bailey |       0 |    1870 | 100.0 |       0 |      27 | 100.0
            +---------+---------+-------+---------+---------+-------
